 Dungeon Crawl Stone Soup version 0.16.0-17-g811c1d7 (webtiles) character file.

273636 Spaceman96 the Acrobat (level 19, 0/102 HPs)
             Began as a Spriggan Assassin on Mar 21, 2015.
             Was the Champion of Dithmenos.
             Slain by a lich (2 damage)
             ... on level 3 of the Vaults.
             The game lasted 03:01:10 (47347 turns).

Spaceman96 the Acrobat (Spriggan Assassin)         Turns: 47347, Time: 03:01:11

Health: 0/102      AC: 10    Str: 20 (21) XL:     19   Next: 89%
Magic:  38/41      EV: 48    Int: 18 (20) God:    Dithmenos [******]
Gold:   3909       SH:  0    Dex: 30      Spells: 2 memorised, 33 levels left

rFire  + . .     SeeInvis +     F - +7 quick blade "Keutanusal" {venom, +Rage rN+ Str+4 Int+3 Stlth-}
rCold  + + +     Clarity  +     A - +2 robe {rC+}
rNeg   + + .     SustAb   .     (shield restricted)
rPois  .         Gourm    .     Y - +2 hat {Int+3}
rElec  +         Spirit   .     m - +3 cloak of Flash {+Fly EV+4}
rCorr  .         Warding  .     (gloves unavailable)
rMut   .         Stasis   .     (boots unavailable)
MR     +++..                    k - amulet "Waki" {Clar Str+3 Int-4 Dex+5 Stlth+}
Stlth  ++++++++++               E - ring "Criacs" {+cTele rElec rC+ rN+ Str+3}
                                n - ring "Tope" {Contam rF+ rC+ Int+5 SInv}

@: very slightly contaminated, wreathed by umbra, drained, invisible, very
quick, extremely resistant to hostile enchantments, uncannily stealthy
A: unfitting armour, hooves 1, camouflage 1, see invisible, breathe flames 1,
deterioration 1, herbivore 3, speed 3, mutation resistance 1, slow metabolism 2,
strong 2
a: Shadow Step, Shadow Form, Renounce Religion, Breathe Fire, Evoke Berserk
Rage, Evoke Flight, Evoke Teleport Control
}: 1/15 runes: serpentine


You were on level 3 of the Vaults.
You worshipped Dithmenos.
Dithmenos was exalted by your worship.
You were not hungry.

You visited 7 branches of the dungeon, and saw 39 of its levels.
You also visited: Labyrinth, Ossuary and Ice Cave.

You collected 4495 gold pieces.
You spent 586 gold pieces at shops.

Inventory:

Hand weapons
 b - a cursed +0 blowgun
 F - the +7 quick blade "Keutanusal" (weapon) {venom, +Rage rN+ Str+4 Int+3 Stlth-}
   (You acquired it on level 7 of the Lair of Beasts)

   It poisons the flesh of those it strikes.
   It affects your strength (+4).
   It affects your intelligence (+3).
   It protects you from negative energy.
   It lets you go berserk.
   It makes you less stealthy.
 V - the +3 dagger "Smuom" {pierce, Contam Noisy rN++ Str+4 SInv}
   (You found it on level 3 of the Elven Halls)

   It inflicts extra damage upon your enemies.
   It affects your strength (+4).
   It greatly protects you from negative energy.
   It enhances your eyesight.
   It may make noises in combat.
   It causes magical contamination when unequipped.
Missiles
 e - 99 poisoned needles
 f - 3 curare-tipped needles
 K - 7 needles of sleeping
 O - 5 needles of paralysis
Armour
 m - the +3 cloak of Flash (worn) {+Fly EV+4}
   (You found it on level 3 of the Elven Halls)

   It affects your evasion (+4).
   It lets you fly.
 A - a +2 robe of cold resistance (worn)
 Y - a +2 hat of intelligence (worn)
Jewellery
 a - the amulet of Vitality {Regen+ HP+15}
   (You bought it in a shop on level 4 of the Orcish Mines)

   [amulet of regeneration]

   It affects your health (+15).
   It increases your rate of regeneration.
 k - the amulet "Waki" (around neck) {Clar Str+3 Int-4 Dex+5 Stlth+}
   (You found it on level 3 of the Elven Halls)

   [amulet of clarity]

   It provides mental clarity.
   It affects your strength (+3).
   It affects your intelligence (-4).
   It affects your dexterity (+5).
   It makes you more stealthy.
 n - the ring "Tope" (left hand) {Contam rF+ rC+ Int+5 SInv}
   (You found it in an ice cave)

   [ring of protection from cold]

   It affects your intelligence (+5).
   It protects you from fire.
   It protects you from cold.
   It enhances your eyesight.
   It causes magical contamination when unequipped.
 E - the ring "Criacs" (right hand) {+cTele rElec rC+ rN+ Str+3}
   (You found it on level 7 of the Dungeon)

   [ring of teleport control]

   It can be evoked for teleport control.
   It affects your strength (+3).
   It protects you from cold.
   It insulates you from electricity.
   It protects you from negative energy.
Magical devices
 o - a wand of paralysis (15)
 y - a wand of paralysis (1)
 G - a wand of disintegration (4)
 R - a wand of enslavement (8)
 X - a wand of digging (3)
Scrolls
 h - 7 scrolls of teleportation
 v - 10 scrolls of recharging
 C - a scroll of enchant armour
 J - 2 scrolls of amnesia
 L - 14 scrolls of remove curse
 M - a scroll of fog
 T - 2 scrolls of silence
 U - 2 scrolls of holy word
 W - 7 scrolls of identify
 Z - 2 scrolls of enchant weapon
Potions
 c - 9 potions of restore abilities
 d - a potion of might
 p - 2 potions of resistance
 u - 6 potions of curing
 x - 6 potions of brilliance
 B - a potion of cure mutation
 N - 3 potions of haste
 P - 4 potions of magic
 Q - a potion of cancellation
Books
 q - a book of the Earth

   Spells                             Type                      Level
   a - Leda's Liquefaction            Hexes/Earth                  4
   b - Bolt of Magma                  Conjuration/Fire/Earth       5
   c - Statue Form                    Transmutation/Earth          6
   d - Iron Shot                      Conjuration/Earth            6
   e - Shatter                        Earth                        9
 r - a book of Ice

   Spells                             Type                      Level
   a - Ice Form                       Ice/Transmutation            4
   b - Metabolic Englaciation         Hexes/Ice                    5
   c - Ozocubu's Refrigeration        Ice                          6
   d - Bolt of Cold                   Conjuration/Ice              6
   e - Freezing Cloud                 Conjuration/Ice/Air          6
   f - Simulacrum                     Ice/Necromancy               6
 s - an Akashic Record {highlevel, unknown}

   This book is beyond your current level of understanding.

   Spells                             Type                      Level
   a - Dispersal                      Translocation                6
   b - Controlled Blink               Translocation                7
   c - Malign Gateway                 Summoning/Translocation      7
   d - Disjunction                    Translocation                8
   e - Singularity                    Translocation                9
 t - a book of Alchemy

   Spells                             Type                      Level
   a - Sublimation of Blood           Necromancy                   2
   b - Alistair's Intoxication        Transmutation/Poison         4
   c - Condensation Shield            Ice                          4
   d - Petrify                        Transmutation/Earth          4
   e - Ignite Poison                  Fire/Transmutation           5
   f - Irradiate                      Conjuration/Transmutation    5
 z - a book of Burglary

   Spells                             Type                      Level
   a - Swiftness                      Charms/Air                   2
   b - Passwall                       Transmutation/Earth          3
   c - Passage of Golubria            Translocation                4
   d - Lee's Rapid Deconstruction     Earth                        5
   e - Invisibility                   Hexes                        6
   f - Darkness                       Hexes                        7
 D - a book of Unlife

   Spells                             Type                      Level
   a - Recall                         Summoning/Translocation      3
   b - Animate Dead                   Necromancy                   4
   c - Control Undead                 Necromancy                   4
   d - Cigotuvi's Embrace             Necromancy                   5
   e - Death Channel                  Necromancy                   6
   f - Simulacrum                     Ice/Necromancy               6
 I - a book of Callings

   Spells                             Type                      Level
   a - Summon Small Mammal            Summoning                    1
   b - Call Imp                       Summoning                    2
   c - Call Canine Familiar           Summoning                    3
   d - Summon Guardian Golem          Hexes/Summoning              4
   e - Summon Lightning Spire         Summoning/Air                4
   f - Summon Ice Beast               Ice/Summoning                4
Comestibles
 g - 8 bread rations
 l - 7 slices of pizza
 w - 27 fruits
 H - 13 royal jellies


   Skills:
 - Level 12.4(12.3) Fighting
 + Level 15.2(15.1) Short Blades
 - Level 2.1 Throwing
 + Level 23.3(23.2) Dodging
 - Level 20.1(20.0) Stealth
 - Level 14.0(13.9) Spellcasting
 - Level 15.0 Hexes
 - Level 8.1(8.0) Invocations
 - Level 13.0(12.9) Evocations


You had 33 spell levels left.
You knew the following spells:

 Your Spells              Type           Power        Failure   Level  Hunger
a - Invisibility          Hex            ######..     1%          6    #####..
b - Darkness              Hex            ######....   12%         7    #######


Dungeon Overview and Level Annotations

Branches:
Dungeon (14/15)            Temple (1/1) D:5            Lair (8/8) D:10
 Shoals (0/5) Lair:6        Snake (5/5) Lair:6        Slime (0/6) Lair:7
    Orc (4/4) D:10            Elf (3/3) Orc:3        Vaults (4/5) D:14
  Crypt (0/3) Vaults:3

Altars:
Dithmenos
Elyvilon
Fedhas
Gozag
Kikubaaqudgha
Makhleb
Okawaru
Ru
Sif Muna
Xom
Yredelemnul
Zin
The Shining One
Beogh
Jiyva

Shops:
D:4 :   D:9 *   Orc:4 =:(   Elf:2 *   Elf:3 *   Vaults:2 %

Annotations:
D:4 Robin
Orc:4 exclusion: oklob plant


Innate Abilities, Weirdness & Mutations

You are tiny and cannot use many weapons and most armour.
You have supernaturally acute eyesight.
You are a herbivore.
You cover ground extremely quickly.
You need consume almost no food.
You have large cloven feet.
Your skin changes colour to match your surroundings (Stealth).
You can breathe flames.
Your body is slowly deteriorating.
You are somewhat resistant to further mutation.
Your muscles are very strong. (Str +4)


Message History

* * * LOW HITPOINT WARNING * * *
You emit a cloud of dark smoke.
You climb upwards.
There is a stone staircase leading down here.
Drink which item? (? for menu, Esc to quit)
You feel much better. The lich touches you.
You hit the lich! Your kick misses the lich.
The lich is severely damaged.
You hit the lich! You kick the lich, but do no damage.
The lich is severely damaged.
The lich conjures an orb of pure magic.
The wavering orb of destruction weakly hits you!
* * * LOW HITPOINT WARNING * * *
You emit a cloud of dark smoke.
You are too injured to fight recklessly!
You are too injured to fight recklessly!
Read which item? (? for menu, Esc to quit)
As you read the scroll of fear, it crumbles to dust.
You assume a fearsome visage.
The lich is unaffected.
The lich touches you.
You die...

#......# #.. #......#
#.. ###''##########..
########...#...#...'..
#......#...#...#...#..
#......#..##...##..#..
#......#'##.....##'#..
#...§§.#.........)†#..
#...§@§'.....#.....#..
#...L§§#...........#..
#......#'##.....##'#..
########..##...##..#..
#...#...#..†#..
#...#...#...#..
###'#########..
#.......# #..
#.......# #..


You could see a lich.

Vanquished Creatures
  3 deep elf blademasters
  2 deep elf master archers (Elf:3)
  An Executioner (Elf:3)
  Rupert (Lair:3)
  12 greater nagas
  Maud (Lair:4)
  7 deep elf sorcerers (Elf:3)
  A cacodemon (Elf:3)
  6 vault wardens
  Gastronok (Orc:4)
  5 ironheart preservers
  2 stone giants (Vaults:3)
  6 deep elf demonologists
  2 rakshasas (Vaults:2)
  5 deep elf annihilators (Elf:3)
  2 unborn (Vaults:3)
  Snorg (Orc:3)
  12 deep elf death magi
  3 yaktaur captains
  A deep elf high priest (Elf:3)
  Josephine (D:12)
  A minotaur (Lab)
  A fire dragon (Vaults:2)
  A great orb of eyes (Vaults:3)
  5 vault guards
  3 ice dragons
  Fannar (Lair:4)
  Harold (D:13)
  14 naga warriors
  7 anacondas
  6 centaur warriors
  6 hydras
  14 dancing weapons (Elf:2)
  8 ogre magi
  3 tengu warriors (D:14)
  9 death yaks
  7 shock serpents
  The ghost of ProjectEKO the Carver, an experienced DsGl of Makhleb (D:10)
  A sun demon (Elf:3)
  13 naga sharpshooters
  A shadow wraith (Vaults:3)
  2 fire crabs
  A salamander mystic (Snake:4)
  19 deep elf knights
  2 sea snakes (Snake:4)
  9 ironbrand convokers
  An ice statue (Vaults:2)
  11 deep elf summoners
  A wizard (Vaults:3)
  6 naga ritualists
  2 deep trolls (Orc:4)
  10 hill giants
  2 unseen horrors
  9 orc knights
  15 deep elf conjurers
  A phantasmal warrior (Vaults:1)
  3 sixfirhies (Elf:3)
  A hornet (Vaults:2)
  7 griffons
  7 mana vipers
  2 manticores
  An orb spider (shapeshifter) (D:13)
  49 ugly things
  5 wolf spiders
  5 cyclopes
  6 salamanders
  10 elephants
  2 centaur zombies
  11 guardian serpents
  3 sirens (Lair:6)
  35 black mambas
  A gargoyle (D:11)
  An orange crystal statue (D:12)
  A queen ant (Lair:3)
  11 naga magi
  An orange demon (Elf:3)
  3 vault sentinels
  A hellion (Elf:3)
  4 komodo dragons
  5 spiny frogs
  A spiny frog (shapeshifter) (Vaults:3)
  24 yaktaurs
  A smoke demon (Elf:3)
  A kobold demonologist (D:12)
  11 deep elf priests
  A merfolk (Lair:6)
  A red devil (Elf:3)
  13 two-headed ogres
  A freezing wraith (Vaults:1)
  A tengu conjurer (D:14)
  4 small abominations
  9 polar bears (Lair:8)
  3 fire drakes
  12 trolls
  2 baby alligators (Lair:4)
  Prince Ribbit (D:9)
  4 ravens (D:14)
  24 blink frogs
  3 raiju (Lair:8)
  18 slime creatures
  3 boulder beetles
  2 spriggans (shapeshifter)
  2 shadows
  A vampire (D:14)
  A hill giant zombie (D:10)
  A basilisk (Lair:1)
  10 wolves (Lair:8)
  A mottled dragon (D:14)
  A water elemental (D:12)
  5 wraiths
  3 hungry ghosts
  5 hippogriffs
  35 yaks
  24 deep elf magi
  10 vampire mosquitoes
  41 deep elf fighters
  Edmund (Orc:1)
  19 soldier ants (Lair:3)
  49 nagas
  12 wargs
  34 water moccasins
  19 ice beasts
  8 porcupines
  A sky beast (D:5)
  7 boggarts
  13 black bears
  2 wasps (D:11)
  A necrophage (D:11)
  2 phantoms
  42 ogres
  2 hell hounds (Lair:8)
  21 orc warriors
  2 boring beetles
  17 centaurs
  18 crocodiles
  4 big kobolds
  2 elf zombies (Ossuary)
  18 giant frogs
  Blork the orc (D:5)
  A lost soul (Elf:3)
  A brain worm (D:14)
  2 jellies
  A troll zombie (D:10)
  4 scorpions
  2 electric eels
  A goliath beetle (D:8)
  2 crimson imps
  A giant frog skeleton (D:7)
  2 human zombies (Ossuary)
  8 iguanas
  A centaur skeleton (D:10)
  A giant frog zombie (D:13)
  24 worker ants
  18 orc priests
  22 hounds
  7 hell rats
  24 orc wizards
  6 ogre zombies (D:10)
  16 sheep
  2 hound zombies (Ossuary)
  A hound skeleton (D:7)
  6 mummies
  A worker ant zombie (D:6)
  29 adders
  10 gnolls (D:6)
  76 river rats
  4 shadow imps
  3 worms
  3 giant mites
  12 white imps
  3 ufetubi (Elf:3)
  4 adder zombies
  An adder skeleton (D:8)
  4 giant geckos
  An ooze (D:2)
  140 orcs
  8 ball pythons
  8 giant cockroaches
  17 goblins
  15 hobgoblins
  13 jackals
  18 kobolds
  14 bats
  5 giant newts
  A giant spore (D:13)
  A goblin skeleton (D:10)
  2 goblin zombies (D:10)
  A hobgoblin skeleton (D:10)
  7 hobgoblin zombies
  2 kobold zombies (Ossuary)
  5 orc skeletons (D:10)
  10 orc zombies (D:10)
  10 quokkas
  2 quokka skeletons
  A quokka zombie (D:9)
  12 rats
  2 rat zombies (Ossuary)
  5 ballistomycetes (D:13)
  3 crawling corpses
  A fungus (Lair:2)
  3 plants (Lair:8)
1629 creatures vanquished.

Vanquished Creatures (collateral kills)
  2 elephants (Lair:4)
  A soldier ant (Lair:3)
3 creatures vanquished.

Vanquished Creatures (others)
  A deep elf sorcerer (Elf:3)
  A deep elf demonologist (Elf:2)
  2 deep elf annihilators (Elf:3)
  A vault guard (Vaults:3)
  A yaktaur (Vaults:1)
  2 red devils (Elf:3)
  5 lost souls
  An ufetubus (Elf:3)
  A fungus (Lair:5)
15 creatures vanquished.

Grand Total: 1647 creatures vanquished

Notes
Turn   | Place    | Note
--------------------------------------------------------------
     0 | D:1      | Spaceman96, the Spriggan Assassin, began the quest for the Orb.
     0 | D:1      | Reached XP level 1. HP: 10/10 MP: 2/2
    90 | D:1      | Reached skill level 6 in Stealth
   501 | D:1      | Reached XP level 2. HP: 14/14 MP: 4/4
   863 | D:2      | Reached skill level 7 in Stealth
  1053 | D:2      | Reached XP level 3. HP: 14/18 MP: 6/6
  1384 | D:2      | Reached skill level 8 in Stealth
  1782 | D:3      | Reached XP level 4. HP: 19/23 MP: 8/8
  2544 | D:4      | Reached XP level 5. HP: 19/27 MP: 10/10
  2668 | D:4      | Noticed an ogre
  2741 | D:4      | Killed an ogre
  2808 | D:4      | Reached XP level 6. HP: 25/32 MP: 12/12
  3143 | D:4      | Found Nygasch's Book Emporium.
  3280 | D:4      | Noticed Robin
  3555 | D:5      | Entered Level 5 of the Dungeon
  3577 | D:5      | Found a staircase to the Ecumenical Temple.
  3601 | Temple   | Entered the Ecumenical Temple
  3617 | Temple   | Became a worshipper of Dithmenos the Shadowed
  3761 | D:5      | Reached skill level 5 in Short Blades
  3827 | D:5      | Reached XP level 7. HP: 25/37 MP: 14/14
  3890 | D:5      | Noticed Blork the orc
  3893 | D:5      | Killed Blork the orc
  4872 | D:6      | Reached skill level 9 in Stealth
  5142 | D:6      | Reached skill level 10 in Stealth
  5158 | D:6      | Reached XP level 8. HP: 17/42 MP: 16/16
  5545 | D:6      | Reached skill level 11 in Stealth
  5577 | D:6      | Acquired Dithmenos' first power
  5793 | D:7      | Got a transparent bone ring
  5966 | D:7      | Reached skill level 12 in Stealth
  6316 | D:7      | Reached skill level 13 in Stealth
  6438 | D:8      | Got a smoking leather armour
  6441 | D:8      | Identified the ring "Criacs" {+cTele rElec rC+ rN+ Str+3} (You found it on level 7 of the Dungeon)
  6495 | D:8      | Reached skill level 14 in Stealth
  6765 | D:8      | Reached XP level 9. HP: 46/46 MP: 18/18
  6806 | D:8      | Found a sand-covered staircase.
  6822 | Ossuary  | Entered an ossuary
  6951 | Ossuary  | Acquired Dithmenos' second power
  7106 | Ossuary  | Reached skill level 15 in Stealth
  7295 | D:8      | You fall through a shaft!
  7775 | D:9      | Found Zin's Purification Station.
  7777 | D:9      | Found a glowing silver altar of Zin.
  7954 | D:9      | Found a shadowy altar of Dithmenos.
  8015 | D:9      | Noticed a three-headed hydra
  8018 | D:9      | Killed a three-headed hydra
  8036 | D:9      | Acquired Dithmenos' third power
  8036 | D:9      | Reached skill level 10 in Short Blades
  8036 | D:9      | Reached XP level 10. HP: 32/51 MP: 19/19
  8075 | D:9      | Gained mutation: You are agile. (Dex +2) [potion of mutation]
  8075 | D:9      | Gained mutation: Your muscles are strong. (Str +2) [potion of mutation]
  8075 | D:9      | Gained mutation: Your skin changes colour to match your surroundings (Stealth). [potion of mutation]
  8076 | D:9      | Gained mutation: You are partially covered in large bone plates (AC +2, SH +2). [potion of mutation]
  8076 | D:9      | Gained mutation: Your muscles are very strong. (Str +4) [potion of mutation]
  8076 | D:9      | Gained mutation: You are resistant to hostile enchantments. [potion of mutation]
  8077 | D:9      | Lost mutation: You are resistant to hostile enchantments. [potion of mutation]
  8117 | D:9      | Noticed Prince Ribbit
  8122 | D:9      | Killed Prince Ribbit
  8259 | D:9      | Reached skill level 5 in Fighting
  8300 | D:9      | Found a shimmering altar of Xom.
  8304 | D:9      | Found an ancient bone altar of Kikubaaqudgha.
  8307 | D:9      | Found an iron altar of Okawaru.
  8701 | D:10     | Entered Level 10 of the Dungeon
  8749 | D:10     | Found a staircase to the Lair.
  8809 | D:10     | Noticed ProjectEKO's ghost (experienced DsGl)
  8895 | D:10     | Noticed a hill giant
  8899 | D:10     | Killed a hill giant
  9054 | D:10     | Found a staircase to the Orcish Mines.
  9110 | D:10     | Noticed a hill giant
  9157 | Lair:1   | Entered Level 1 of the Lair of Beasts
  9157 | Lair:1   | Found a frozen archway.
  9327 | IceCv    | Entered an ice cave
  9353 | IceCv    | Reached skill level 5 in Dodging
  9366 | IceCv    | Noticed an ice statue
  9366 | IceCv    | Noticed an ice statue
  9563 | IceCv    | Acquired Dithmenos' fourth power
  9622 | IceCv    | Noticed an ice dragon
  9622 | IceCv    | Noticed an ice dragon
  9627 | IceCv    | Killed an ice dragon
  9627 | IceCv    | Reached skill level 10 in Dodging
  9884 | IceCv    | Got a fine wooden ring
  9892 | IceCv    | Identified the ring "Tope" {Contam rF+ rC+ Int+5 SInv} (You found it in an ice cave)
 10027 | Lair:1   | Reached XP level 11. HP: 57/57 MP: 20/20
 10030 | Lair:1   | Noticed a five-headed hydra
 10037 | Lair:1   | Noticed a black mamba
 10239 | Lair:1   | Killed a five-headed hydra
 10519 | Lair:1   | Killed a black mamba
 11100 | Lair:2   | Reached skill level 1 in Evocations
 11181 | Lair:2   | Reached skill level 5 in Evocations
 12188 | Lair:3   | Reached skill level 16 in Stealth
 12210 | Lair:3   | Reached XP level 12. HP: 44/62 MP: 28/28
 12476 | Lair:3   | Noticed Rupert
 12516 | Lair:3   | Killed Rupert
 12516 | Lair:3   | Reached skill level 17 in Stealth
 12819 | Lair:3   | Reached skill level 18 in Stealth
 13807 | Lair:4   | Noticed Maud
 13850 | Lair:4   | Reached skill level 19 in Stealth
 14187 | Lair:4   | Found a staircase to the Swamp.
 14223 | Lair:4   | Killed Maud
 14223 | Lair:4   | Reached skill level 20 in Stealth
 14246 | Lair:4   | Noticed a five-headed hydra
 14261 | Lair:4   | Killed a five-headed hydra
 14295 | Lair:4   | Noticed Fannar
 14298 | Lair:4   | Killed Fannar
 14725 | Lair:4   | Reached skill level 15 in Dodging
 15052 | Lair:5   | Noticed a six-headed hydra
 15058 | Lair:5   | Killed a six-headed hydra
 15516 | Lair:5   | Reached XP level 13. HP: 65/65 MP: 29/29
 16754 | Lair:6   | Found a staircase to the Shoals.
 16918 | Lair:6   | Found a staircase to the Snake Pit.
 17124 | Lair:6   | Found a labyrinth entrance.
 17236 | Lab      | Entered a labyrinth
 18625 | Lab      | Identified the Incunabulum of Attacks
 18625 | Lab      | Identified Sif Muna's Disquisition on Supportive Translocation
 18644 | Lab      | Learned a level 6 spell: Invisibility
 18704 | Lair:6   | Reached skill level 1 in Hexes
 19350 | Lair:7   | Identified 2 scrolls of acquirement
 19353 | Lair:7   | Got a brightly glowing quick blade
 19355 | Lair:7   | Identified the +7 quick blade "Keutanusal" {venom, +Rage rN+ Str+4 Int+3 Stlth-} (You acquired it on level 7 of the Lair of Beasts)
 19361 | Lair:7   | Got a heavily jewelled robe
 19362 | Lair:7   | Identified the -5 robe of Misfortune {-Cast Contam *Tele EV-4 Str-2 Int-2 Dex-2 Stlth-- Curse} (You acquired it on level 7 of the Lair of Beasts)
 19502 | Lair:7   | Found a staircase to the Slime Pits.
 19503 | Lair:7   | Found a viscous altar of Jiyva.
 19606 | Lair:7   | Reached skill level 5 in Hexes
 20170 | Lair:7   | Reached skill level 1 in Spellcasting
 20616 | Lair:8   | Entered Level 8 of the Lair of Beasts
 20707 | Lair:8   | Found a deep blue altar of Sif Muna.
 20809 | Lair:8   | Reached skill level 5 in Spellcasting
 20962 | Lair:8   | Reached XP level 14. HP: 70/70 MP: 32/32
 21887 | Lair:5   | Reached skill level 10 in Spellcasting
 22252 | D:10     | Killed ProjectEKO's ghost
 22300 | D:10     | Killed a hill giant
 22442 | Orc:1    | Entered Level 1 of the Orcish Mines
 22450 | Orc:1    | Noticed Edmund
 22478 | Orc:1    | Killed Edmund
 22828 | Orc:3    | Found a staircase to the Elven Halls.
 22957 | Orc:3    | Noticed Snorg
 22971 | Orc:3    | Killed Snorg
 23491 | Orc:4    | Entered Level 4 of the Orcish Mines
 23491 | Orc:4    | Noticed Gastronok
 23513 | Orc:4    | Killed Gastronok
 24310 | Orc:4    | Found Ashe The's Book Emporium.
 24311 | Orc:4    | Found Chacet's Antique Weapon Emporium.
 24510 | Orc:4    | Found Icer's Jewellery Shop.
 24571 | Orc:4    | Found a roughly hewn altar of Beogh.
 24720 | Orc:4    | Found Faawkij's Armour Shoppe.
 25041 | Orc:4    | Bought the amulet of Vitality {Regen+ HP+15} for 518 gold pieces
 25421 | Snake:1  | Entered Level 1 of the Snake Pit
 26009 | Snake:1  | Reached XP level 15. HP: 74/74 MP: 38/38
 26413 | Snake:1  | Reached skill level 10 in Hexes
 27047 | D:10     | Found a glowing silver altar of Zin.
 27404 | D:11     | Found a burning altar of Makhleb.
 27610 | D:11     | Gained mutation: Your spells are a little easier to cast, but a little less powerful. [mutagenic glow]
 27910 | D:12     | Noticed Josephine
 27916 | D:12     | Killed Josephine
 28149 | D:12     | Found an opulent altar of Gozag.
 28271 | D:12     | Got a warped iron ring
 28274 | D:12     | Identified the ring "Sipydi" {+Blink +Inv AC+3 Str-5 Int+2} (You found it on level 12 of the Dungeon)
 29080 | D:13     | Found a glowing golden altar of the Shining One.
 29489 | D:13     | Noticed Harold
 29494 | D:13     | Killed Harold
 30094 | D:14     | Gained mutation: Your magical capacity is low (-10% MP). [mutagenic glow]
 30301 | D:14     | Found a gate to the Vaults.
 31160 | Elf:1    | Entered Level 1 of the Elven Halls
 31607 | Elf:1    | Reached XP level 16. HP: 81/81 MP: 35/35
 31739 | Elf:1    | Identified Ghuocrua's Disquisition on Calling
 32139 | Elf:2    | Found Mufak's General Store.
 32430 | Elf:2    | Reached skill level 10 in Evocations
 32437 | Elf:2    | Found a huge runed gate.
 32440 | Elf:2    | Found a huge runed gate.
 32446 | Elf:2    | Found a huge runed gate.
 32446 | Elf:2    | Found a huge runed gate.
 32447 | Elf:2    | Found a huge runed gate.
 32741 | Elf:2    | Noticed a deep elf blademaster
 32747 | Elf:2    | Killed a deep elf blademaster
 33078 | Elf:2    | Gained mutation: You have large cloven feet. [potion of beneficial mutation]
 33203 | Elf:3    | Entered Level 3 of the Elven Halls
 33203 | Elf:3    | Found Vioqeann's Assorted Antiques.
 33207 | Elf:3    | Bought a scroll of identify for 68 gold pieces
 33751 | Elf:3    | Noticed a deep elf blademaster
 33752 | Elf:3    | Noticed a deep elf blademaster
 33768 | Elf:3    | Killed a deep elf blademaster
 33772 | Elf:3    | Noticed a deep elf master archer
 33783 | Elf:3    | Killed a deep elf blademaster
 33811 | Elf:3    | Reached skill level 1 in Invocations
 33820 | Elf:3    | Noticed a Brimstone Fiend
 33846 | Elf:3    | Killed a deep elf master archer
 33846 | Elf:3    | Reached XP level 17. HP: 64/85 MP: 32/36
 33854 | Elf:3    | Lost mutation: Your spells are a little easier to cast, but a little less powerful. [a cacodemon]
 33906 | Elf:3    | Reached skill level 5 in Invocations
 33914 | Elf:3    | Noticed a Hell Sentinel
 33987 | Elf:3    | Lost mutation: You are partially covered in large bone plates (AC +2, SH +2). [mutagenic glow]
 34186 | Elf:3    | Noticed a deep elf master archer
 34367 | Elf:3    | Killed a deep elf master archer
 34546 | Elf:3    | Got a slimy lajatang
 34728 | Elf:3    | Identified the +2 lajatang of Benio {slice, rPois MR- Dex+4} (You found it on level 3 of the Elven Halls)
 34730 | Elf:3    | Got a translucent wooden ring
 34733 | Elf:3    | Identified the ring "Ganiso" {+/*Tele Str+4 Dex+2} (You found it on level 3 of the Elven Halls)
 34742 | Elf:3    | Got a translucent crystal amulet
 34744 | Elf:3    | Got a transparent graven amulet
 34746 | Elf:3    | Identified the amulet "Waki" {Clar Str+3 Int-4 Dex+5 Stlth+} (You found it on level 3 of the Elven Halls)
 34748 | Elf:3    | Identified the amulet of Clung {-Tele rElec MR+ Regen+ Int+5} (You found it on level 3 of the Elven Halls)
 34767 | Elf:3    | Identified the Volume of Flying Conjuration (You found it on level 3 of the Elven Halls)
 34863 | Elf:3    | Got a pitted dagger
 34864 | Elf:3    | Identified the +3 dagger "Smuom" {pierce, Contam Noisy rN++ Str+4 SInv} (You found it on level 3 of the Elven Halls)
 35448 | Snake:2  | Gained mutation: Your body is slowly deteriorating. [mutagenic glow]
 35597 | Snake:2  | Gained mutation: You are somewhat resistant to further mutation. [mutagenic glow]
 35751 | Snake:2  | Gained mutation: You can breathe flames. [potion of mutation]
 36456 | Snake:2  | Reached skill level 15 in Short Blades
 36808 | Snake:3  | Found a shadowy altar of Dithmenos.
 36915 | Snake:3  | Found an ancient bone altar of Kikubaaqudgha.
 36920 | Snake:3  | Reached skill level 21 in Dodging
 37648 | Snake:4  | Reached XP level 18. HP: 90/90 MP: 36/36
 38323 | Snake:5  | Entered Level 5 of the Snake Pit
 38711 | Snake:4  | Reached skill level 22 in Dodging
 40844 | Snake:5  | Reached skill level 23 in Dodging
 41123 | Snake:5  | Learned a level 7 spell: Darkness
 41943 | Snake:5  | Got a serpentine rune of Zot
 42530 | Vaults:1 | Entered Level 1 of the Vaults
 43146 | Vaults:1 | Lost mutation: You are agile. (Dex +2) [mutagenic glow]
 43413 | Vaults:1 | Reached skill level 15 in Hexes
 43604 | Vaults:1 | Reached XP level 19. HP: 86/95 MP: 36/36
 44107 | Vaults:2 | Gained mutation: Armour fits poorly on your strangely shaped body. [mutagenic glow]
 44714 | Vaults:2 | Found Win Leas' Food Boutique.
 44791 | Vaults:2 | Lost mutation: Armour fits poorly on your strangely shaped body. [mutagenic glow]
 44972 | Vaults:2 | Reached skill level 10 in Fighting
 46307 | Vaults:3 | Lost mutation: Your magical capacity is low (-10% MP). [mutagenic glow]
 47237 | Vaults:3 | Found a staircase to the Crypt.
 47346 | Vaults:3 | HP: 2/102 [disintegration (43)]
 47347 | Vaults:3 | Slain by a lich

Action                   |  1- 3 |  4- 6 |  7- 9 | 10-12 | 13-15 | 16-18 | 19-21 || total
-------------------------+-------+-------+-------+-------+-------+-------+-------++-------
Melee: Dagger            |   101 |   162 |   406 |  1051 |   290 |       |       ||  2010
       Quick blade       |       |       |       |       |  1797 |  1469 |   482 ||  3748
 Fire: Blowgun           |       |     9 |     7 |       |       |       |       ||    16
 Cast: Invisibility      |       |       |       |       |    10 |    25 |    16 ||    51
Invok: Shadow Step       |       |       |       |     1 |       |     1 |       ||     2
 Abil: Evoke Invisibilit |       |       |       |       |     2 |       |       ||     2
       Evoke Teleport Co |       |       |       |       |       |     1 |       ||     1
Evoke: Wand              |       |       |     3 |    12 |    32 |    13 |       ||    60
       Phantom mirror    |       |       |       |     1 |       |       |       ||     1
  Use: Scroll            |     2 |       |    18 |    13 |    10 |    15 |     4 ||    62
       Potion            |       |     5 |       |     8 |     7 |    11 |     1 ||    32
 Stab: Sleeping          |    11 |    19 |    38 |    68 |   162 |   150 |    78 ||   526
       Distracted        |       |       |     2 |    15 |    35 |    15 |     2 ||    69
       Fleeing           |       |       |       |       |     3 |     1 |       ||     4
       Invisible         |       |       |       |       |    21 |    58 |    50 ||   129
  Eat: Bread ration      |       |       |     1 |       |     1 |     4 |     2 ||     8
       Fruit             |       |       |       |     7 |     1 |     2 |       ||    10
       Pizza             |       |       |       |       |     6 |       |       ||     6
       Royal jelly       |       |       |       |       |     5 |       |       ||     5
